 Dungeon Crawl Stone Soup version 0.20.1-1-g8b1a95d (webtiles) character file.

189 poxvuibr the Magician (level 5, -5/28 HPs)
             Began as a Deep Elf Wizard on Sept 4, 2017.
             Killed by nerve-wracking pain
             ... invoked by an orc priest
              (8 damage)
             ... on level 3 of the Dungeon.
             The game lasted 00:13:13 (4700 turns).

poxvuibr the Magician (Deep Elf Wizard)             Turns: 4700, Time: 00:13:15

Health: -5/28      AC:  2    Str:  3 (4)  XL:     5   Next: 40%
Magic:  5/16       EV: 12    Int: 21 (24) God:
Gold:   154        SH:  0    Dex: 11 (13) Spells: 13/17 levels left

rFire    . . .     SeeInvis .   i - +0 dagger
rCold    . . .     Gourm    .   (no shield)
rNeg     . . .     Faith    .   a - +0 robe
rPois    .         Spirit   .   b - +0 hat
rElec    .         Reflect  .   (no cloak)
rCorr    .         Harm     .   (no gloves)
MR       .....                  (no boots)
Stlth    ++........             (no amulet)
Regen    0.1/turn               (no ring)
MPRegen  0.2/turn               (no ring)

@: no status effects
A: no striking features
a: no special abilities


You were on level 3 of the Dungeon.
You were not hungry.

You visited 1 branch of the dungeon, and saw 3 of its levels.

You collected 154 gold pieces.

Inventory:

Hand Weapons
 i - a +0 dagger (weapon)
 n - a +1 antimagic short sword
Armour
 a - a +0 robe (worn)
 b - a +0 hat (worn)
 p - a cursed +0 buckler
Scrolls
 e - a scroll of magic mapping {unknown}
 j - 3 scrolls of identify {unknown}
 l - 3 scrolls of teleportation {unknown}
Potions
 f - a potion of lignification
Books
 c - a book of Minor Magic

   Spells                             Type                      Level
   a - Magic Dart                     Conjuration                  1
   b - Blink                          Translocation                2
   c - Call Imp                       Summoning                    2
   d - Slow                           Hexes                        2
   e - Conjure Flame                  Conjuration/Fire             3
   f - Mephitic Cloud                 Conjuration/Poison/Air       3
Comestibles
 d - a bread ration
 k - a meat ration


   Skills:
 - Level 2.4 Dodging
 - Level 2.4 Stealth
 + Level 6.8 Spellcasting
 + Level 4.0 Conjurations
   Level 1.1 Summonings
   Level 1.1 Translocations


You had 13 spell levels left.
You knew the following spells:

 Your Spells              Type           Power        Failure   Level  Hunger
a - Conjure Flame         Conj/Fire      ###.....     12%         3    #......
z - Magic Dart            Conj           ###.         1%          1    None


Dungeon Overview and Level Annotations

Branches:
Dungeon (3/15)

Altars:


Message History

The orc priest calls down the wrath of Beogh upon you.
Pain shoots through your body!
Casting: Magic Dart
Confirm with . or Enter, or press ? or * to list all spells.
Aiming: Magic Dart
Press: ? - help, Shift-Dir - straight line, f/p - orc priest
Aim: an orc priest, wielding a dagger (heavily wounded)
The magic dart hits the orc priest.
The orc priest is almost dead.
The orc priest invokes the aid of Beogh against you.
Pain shoots through your body!
* * * LOW HITPOINT WARNING * * *
It was a potion of degeneration.
There was something very wrong with that liquid.
You feel weakened.
You feel dopey.
You feel clumsy. The orc hits you.
* * * LOW HITPOINT WARNING * * *
The orc priest mumbles some strange prayers to Beogh against you.
Pain shoots through your body!
You die...

#...........# #..# #.#
#...........# #..# #..
#...........# #..# ###
###'#.#+##### #..# #
#.#.#+##### #..# #
#.#.......# #..#####
#.#.......# #.......
#.#.o.....# #.######
#.#.#@##### #.......
#.#.#.# ########
#.#.#.# #.#ยง# ..
#..go........#######
#.......####.#........
#.##.[.g# #........ #
##.... #........
##.... #........


You could see an orc priest, an orc and a hobgoblin.

Vanquished Creatures
  An orc wizard (D:3)
  A worker ant (D:2)
  6 adders
  A worm (D:2)
  3 leopard geckos
  An orc (D:3)
  3 ball pythons
  12 bats
  2 giant cockroaches
  6 goblins
  8 hobgoblins
  6 jackals
  8 kobolds
  A quokka (D:3)
  6 frilled lizards
  14 rats
79 creatures vanquished.

Notes
Turn   | Place    | Note
-------+----------+-------------------------------------------
     0 | D:1      | poxvuibr the Deep Elf Wizard began the quest for the Orb.
     0 | D:1      | Reached XP level 1. HP: 10/10 MP: 7/7
   316 | D:1      | Reached XP level 2. HP: 15/15 MP: 6/9
   826 | D:1      | Reached skill level 5 in Spellcasting
  1067 | D:1      | Reached XP level 3. HP: 19/19 MP: 6/11
  1105 | D:1      | Learned a level 3 spell: Conjure Flame
  2871 | D:2      | Reached XP level 4. HP: 24/24 MP: 10/13
  2943 | D:2      | Reached skill level 6 in Spellcasting
  4072 | D:2      | Reached XP level 5. HP: 28/28 MP: 3/16
  4700 | D:3      | Killed from afar by an orc priest

Skill      XL: |  1  2  3  4  5 |
---------------+----------------+-----
Conjurations   | 2 3 4 |  4.0
Spellcasting   | 5 6 |  6.8
Dodging        | |  2.4
Stealth        | |  2.4
Summonings     | |  1.1
Translocations | |  1.1

Action                   |  1- 3 |  4- 6 || total
-------------------------+-------+-------++-------
Melee: Unarmed           |     1 |       ||     1
       Dagger            |     3 |     5 ||     8
 Cast: Magic Dart        |   101 |    68 ||   169
       Conjure Flame     |     1 |     2 ||     3
  Use: Potion            |       |     5 ||     5
  Eat: Chunk             |     5 |     6 ||    11
Armor: Robe              |     6 |     4 ||    10
       Skin              |       |    15 ||    15
Dodge: Dodged            |    21 |    11 ||    32
